Map: Ciudad Esmeralda EE

Players

TATORREA - Winner!

  • Race: Protoss Protoss
  • League: Gold
  • Spawn Location: 5:00

MrFercho - Winner!

  • Race: Zerg Zerg
  • League: Gold
  • Spawn Location: 5:00

SHADOWBLACK

  • Race: Terran Terran
  • League: Gold
  • Spawn Location: 11:00

Zangel

  • Race: Zerg Zerg
  • Spawn Location: 11:00

VOD

Have the link to the VOD?

Description

Time

  • Played on: Aug. 14, 2020, 9:27 p.m.
  • Length: 18:32
Show
View Real Time Build Order
Export as new Build Order

TATORREA Protoss - Winner!

Build Orders: Carriers 

Get SALT Encoding   

  12  0:07  Probe  
  13  0:19  Probe  
  14  0:30  Pylon  
  14  0:31  Probe  
  15  0:48  Probe  
  16  0:54  Gateway  
  16  0:55  Gateway  
  16  1:01  Probe  
  17  1:10  Assimilator  
  17  1:16  Probe  
  18  1:27  Pylon  
  18  1:28  Probe (Chrono Boost)  
  18  1:30  Pylon  
  19  1:38  Probe (Chrono Boost), Assimilator  
  19  1:43  Probe (Chrono Boost)  
  20  1:59  Probe  
  20  2:00  Cybernetics Core  
  21  2:11  Probe  
  22  2:23  Probe  
  23  2:45  Nexus  
  23  2:53  Stargate  
  23  2:55  Robotics Facility, Warp Gate  
  23  3:08  Probe  
  24  3:15  Stalker  
  24  3:16  Stalker  
  28  3:20  Probe  
  29  3:34  Probe  
  30  3:45  Stalker  
  30  3:46  Probe (Chrono Boost)  
  30  3:47  Void Ray  
  37  3:58  Probe (Chrono Boost)  
  38  4:03  Probe (Chrono Boost)  
  39  4:11  Probe  
  39  4:12  Probe  
  41  4:23  Probe (Chrono Boost)  
  42  4:25  Probe (Chrono Boost)  
  42  4:30  Void Ray  
  47  4:35  Probe (Chrono Boost)  
  47  4:37  Probe (Chrono Boost)  
  49  4:42  Probe (Chrono Boost)  
  49  4:43  Probe (Chrono Boost)  
  51  4:49  Probe, Assimilator  
  51  4:51  Probe  
  53  4:53  Assimilator  
  53  5:01  Probe  
  53  5:04  Stargate  
  54  5:11  Protoss Air Weapons Level 1 (Chrono Boost)  
  54  5:16  Pylon  
  54  5:18  Pylon  
  54  5:21  Pylon  
  54  5:34  Probe x2  
  56  5:46  Probe x2  
  58  6:01  Nexus  
  58  6:03  Pylon  
  58  6:05  Pylon  
  58  6:19  Fleet Beacon  
  58  6:24  Stargate  
  52  6:55  Void Ray x2 (Chrono Boost)  
  51  7:04  Flux Vanes  
  46  7:25  Probe x2  
  48  7:30  Probe  
  48  7:31  Void Ray x2  
  48  7:33  Void Ray  
  61  7:37  Probe x2  
  61  7:42  Probe  
  64  7:49  Probe  
  64  7:50  Probe  
  66  7:52  Observer (Chrono Boost)  
  66  7:54  Probe  
  68  8:01  Probe  
  68  8:02  Probe  
  70  8:06  Probe  
  70  8:07  Protoss Air Weapons Level 2  
  55  8:46  Probe x2  
  55  8:47  Probe  
  52  8:58  Probe x2, Stalker x2  
  52  8:59  Probe  
  52  9:01  Void Ray x3  
  71  9:10  Probe  
  71  9:11  Gateway  
  71  9:13  Gateway x2  
  71  9:15  Twilight Council  
  73  9:17  Probe x2  
  73  9:23  Probe  
  75  9:29  Probe x2  
  77  9:35  Probe  
  78  9:41  Probe  
  78  9:45  Probe  
  80  9:47  Probe  
  81  9:53  Probe  
  81  9:57  Probe  
  83  10:00  Assimilator  
  83  10:02  Gateway, Assimilator  
  83  10:05  Gateway  
  83  10:06  Gateway  
  83  10:08  Gateway  
  83  10:09  Void Ray x2  
  83  10:12  Void Ray  
  95  10:19  Templar Archives  
  88  10:46  Stalker x4  
  88  10:47  Stalker  
  98  11:12  Void Ray  
  102  11:21  Probe  
  102  11:22  Probe x2  
  102  11:25  Zealot x2  
  109  11:27  Protoss Air Weapons Level 3 (Chrono Boost)  
  109  11:28  Charge  
  109  11:35  Psionic Storm  
  109  11:45  Pylon  
  109  11:48  Pylon  
  109  11:51  Pylon  
  109  11:57  Pylon  
  109  11:58  Pylon  
  109  12:00  Nexus  
  109  12:02  Void Ray, Pylon  
  109  12:03  Probe x3  
  109  12:05  Void Ray, Pylon  
  109  12:06  Void Ray  
  124  12:15  Probe x3  
  127  12:27  Probe  
  128  13:14  Carrier x2  
  128  13:15  Carrier  
  146  13:26  Probe x3  
  146  13:27  Probe  
  150  13:38  Probe x2  
  130  14:12  Probe x2  
  130  14:13  Probe x2  
  130  14:16  Assimilator  
  134  14:18  Assimilator  
  134  14:21  Pylon  
  134  14:24  Probe  
  134  14:26  Pylon, Carrier x3  
  153  14:38  Probe x4  
  157  14:50  Probe x2  
  159  14:57  Assimilator  
  159  14:58  Zealot x3  
  159  14:59  Zealot x5, Assimilator  
  175  15:00  Zealot  
  175  15:04  Protoss Air Armor Level 1  
  175  15:05  Observer  
  178  15:28  Pylon  
  178  15:30  Pylon  
  178  15:35  Pylon  
  178  15:38  Pylon  
  178  15:41  Nexus  
  170  15:54  Carrier  
  170  15:55  Carrier, Gateway  
  182  15:57  Gateway  
  182  16:00  Gateway  
  182  16:03  Gateway  
  165  16:05  Gateway  
  165  16:07  Gateway  
  165  16:10  Gateway  
  161  16:19  Gateway  
  161  16:21  Gateway  
  161  16:24  Gateway  
  161  16:26  Carrier, Gateway  
  161  16:27  Gateway  
  161  16:31  High Templar x3  
  161  16:32  High Templar x2  
  175  16:33  High Templar x4  
  175  16:36  Archon x2  
  175  16:37  Archon  
  175  16:38  Archon  
  185  17:05  Probe  
  186  17:09  High Templar  
  186  17:10  High Templar x3  
  186  17:13  Archon  
  186  17:14  Archon  
  190  18:05  Zealot x2  
  194  18:06  Zealot x3  
Show
View Real Time Build Order
Export as new Build Order

MrFercho Zerg - Winner!

Build Orders: Hatch First, Lurkers, Roach Hydra 

Get SALT Encoding   

  12  0:00  Drone  
  13  0:13  Overlord  
  13  0:22  Drone  
  14  0:32  Drone x2  
  16  0:54  Hatchery  
  16  0:55  Drone  
  16  0:57  Drone  
  17  1:05  Drone  
  18  1:12  Extractor  
  17  1:19  Spawning Pool  
  17  1:20  Drone  
  17  1:23  Drone  
  18  1:29  Drone  
  19  1:59  Drone x2  
  21  2:02  Overlord  
  21  2:07  Queen x2  
  25  2:13  Zergling x4  
  27  2:18  Metabolic Boost  
  27  2:28  Drone x2  
  27  2:29  Drone  
  30  2:35  Overlord  
  30  2:44  Drone  
  30  2:50  Queen  
  33  2:54  Lair  
  33  2:56  Drone x2  
  35  3:13  Drone x4  
  39  3:41  Drone x6  
  39  3:44  Extractor  
  39  3:46  Extractor  
  42  3:57  Roach Warren  
  42  4:01  Evolution Chamber  
  40  4:07  Overlord x2  
  40  4:08  Overlord x2  
  40  4:23  Overlord x3  
  40  4:25  Queen  
  40  4:27  Zerg Missile Weapons Level 1  
  42  4:44  Drone x3  
  45  4:46  Drone x4  
  45  4:47  Drone  
  50  4:56  Glial Reconstitution  
  50  4:58  Hatchery  
  49  5:40  Pneumatized Carapace  
  49  5:44  Roach x9  
  49  5:45  Roach x2  
  71  5:53  Drone  
  72  6:00  Hydralisk Den  
  71  6:13  Drone x9  
  80  6:20  Overseer  
  79  6:44  Spore Crawler  
  79  6:45  Spore Crawler  
  77  6:50  Spore Crawler  
  76  6:58  Zergling x28  
  90  7:07  Spine Crawler, Spore Crawler  
  86  7:41  Muscular Augments  
  86  7:49  Overseer x2  
  86  7:50  Zerg Missile Weapons Level 2  
  84  8:09  Drone x2  
  84  8:12  Drone x3  
  86  8:16  Infestation Pit  
  86  8:17  Extractor  
  79  8:32  Hydralisk  
  79  8:33  Hydralisk x6  
  79  8:34  Hydralisk  
  89  8:35  Overlord x2  
  89  8:36  Overlord x2  
  83  8:44  Extractor  
  83  8:47  Extractor  
  69  8:52  Grooved Spines  
  69  9:08  Hive  
  69  9:09  Lurker Den  
  68  9:18  Hatchery  
  68  9:19  Spire  
  66  9:37  Hydralisk x12  
  90  9:44  Drone x3  
  93  10:21  Zergling x30  
  101  10:24  Zerg Missile Weapons Level 3  
  108  10:30  Evolution Chamber  
  108  10:33  Seismic Spines  
  108  10:35  Greater Spire  
  107  10:43  Lurker  
  106  11:00  Spore Crawler  
  106  11:02  Spore Crawler  
  106  11:04  Spore Crawler  
  102  11:07  Spore Crawler  
  102  11:10  Spore Crawler  
  100  11:12  Hydralisk x9  
  118  11:19  Drone  
  118  11:20  Drone  
  118  11:21  Overlord  
  118  11:22  Overlord x5  
  118  11:23  Overlord x2  
  120  11:30  Adaptive Talons  
  120  11:50  Lurker x5  
  125  11:54  Zergling x6  
  125  11:55  Zergling x24  
  137  12:40  Hydralisk x14  
  104  13:22  Hydralisk  
  104  13:23  Hydralisk x11  
  119  13:45  Overseer  
  108  13:57  Overseer  
  99  14:14  Corruptor x4  
  99  14:15  Corruptor x3  
  109  14:25  Overlord x2  
  109  14:28  Drone x3  
  112  14:49  Zergling x2  
  112  14:50  Zergling x12  
  119  15:03  Brood Lord x2  
  123  15:23  Zerg Ground Armor Level 1  
  123  15:34  Hatchery  
  106  16:17  Zergling x20  
  106  16:18  Zergling x10  
  119  16:43  Zergling x2  
  119  16:44  Zergling x14  
  122  17:10  Zergling x2  
  122  17:11  Zergling x12  
Show
View Real Time Build Order
Export as new Build Order

SHADOWBLACK Terran 

Build Orders:  

Get SALT Encoding   

  12  0:01  SCV  
  13  0:13  SCV  
  14  0:19  Supply Depot  
  14  0:28  SCV  
  15  0:36  Refinery  
  15  0:41  SCV  
  16  0:47  Barracks  
  16  0:53  SCV  
  17  1:05  SCV  
  18  1:14  Supply Depot  
  18  1:20  SCV  
  19  1:34  Marine  
  20  1:42  Supply Depot  
  20  1:47  SCV  
  21  1:55  Command Center  
  21  2:09  Barracks Reactor  
  21  2:13  Factory  
  22  2:21  Orbital Command  
  21  2:37  Refinery  
  21  2:52  Refinery  
  21  2:53  Engineering Bay  
  21  3:09  Marine x2  
  21  3:11  Refinery  
  23  3:23  Factory Tech Lab  
  23  3:26  Starport  
  23  3:39  Marine x2  
  25  3:42  SCV  
  26  3:54  SCV  
  27  4:00  Marine  
  27  4:01  Marine  
  29  4:06  SCV  
  29  4:08  Starport  
  29  4:09  Starport Tech Lab  
  30  4:13  SCV  
  31  4:18  SCV  
  32  4:25  SCV  
  32  4:30  SCV  
  34  4:37  Bunker  
  34  4:40  Siege Tank  
  37  4:50  Orbital Command  
  37  4:58  SCV  
  38  5:06  Marine x2  
  40  5:10  SCV  
  40  5:13  Starport Reactor, Widow Mine  
  43  5:17  Liberator  
  46  5:22  SCV  
  46  5:24  Marine x2  
  49  5:35  SCV  
  50  5:44  Widow Mine  
  52  6:01  Marine x2  
  54  6:17  Bunker  
  54  6:38  Widow Mine  
  42  6:54  Viking x2  
  42  6:55  Viking  
  42  6:58  SCV  
  42  7:00  Widow Mine  
  51  7:10  SCV  
  52  7:22  SCV  
  53  7:28  Sensor Tower  
  53  7:51  Viking x3  
  59  8:00  Supply Depot  
  57  8:21  Viking x3  
  57  8:23  Supply Depot  
  53  8:47  Supply Depot  
  49  9:02  Banshee  
  49  9:07  SCV  
  53  9:10  Supply Depot  
  53  9:14  Marine x2, Barracks  
  58  9:17  Siege Tank  
  58  9:19  SCV  
  59  9:26  Liberator x2  
  65  9:31  SCV  
  65  9:32  Marine x2  
  65  9:35  Starport  
  68  9:41  SCV  
  68  9:43  SCV  
  68  9:45  Banshee  
  70  9:49  Marine, Siege Tank  
  70  9:50  Marine  
  78  9:53  SCV  
  78  9:55  SCV  
  80  10:05  SCV  
  81  10:07  Marine  
  81  10:08  Marine  
  83  10:17  SCV  
  83  10:21  Siege Tank  
  85  10:28  Banshee  
  78  10:44  Starport Reactor  
  78  11:10  Liberator x2  
  78  11:11  Banshee  
  84  11:12  Barracks Tech Lab  
  84  11:15  Barracks  
  87  11:21  Widow Mine  
  89  11:31  Cloaking Field  
  89  11:33  Combat Shield  
  89  11:42  Widow Mine  
  91  11:53  Liberator x2  
  97  11:55  Terran Infantry Weapons Level 1  
  97  11:58  Command Center  
  97  12:00  Refinery  
  97  12:01  Refinery  
  97  12:03  Widow Mine  
  97  12:05  Factory  
  99  12:12  Barracks Tech Lab  
  99  12:13  Marine  
  99  12:14  Marine  
  97  12:25  Widow Mine, Ghost Academy  
  99  12:31  Marine x2  
  101  12:49  Marine x2  
  98  12:52  Stimpack  
  98  12:56  Ghost Academy  
  90  13:07  Marine x2  
  78  13:26  Ghost Academy  
  76  13:30  Orbital Command  
  69  13:56  SCV  
  70  14:05  Viking  
  70  14:06  Viking x4  
  70  14:08  SCV  
  81  14:20  SCV  
  70  14:32  SCV  
  70  14:35  Viking  
  70  14:36  Viking x4  
  85  14:44  SCV  
  86  15:02  Enhanced Shockwaves, Personal Cloaking  
  86  15:05  Viking x3  
  86  15:06  Viking x2, Unknown x2  
  98  15:34  Unknown  
  50  16:35  Missile Turret  
  40  16:47  Viking x5  
  48  16:55  Missile Turret  
  44  17:14  Missile Turret  
  44  17:17  Viking x2  
  48  17:31  Missile Turret  
Show
View Real Time Build Order
Export as new Build Order

Zangel Zerg 

Build Orders: Hatch First, Lurkers 

Get SALT Encoding   

  12  0:05  Drone  
  13  0:22  Drone  
  14  0:29  Overlord  
  14  0:53  Hatchery  
  13  1:01  Spawning Pool  
  13  1:03  Drone  
  13  1:24  Drone x2, Extractor  
  13  1:25  Drone  
  15  1:35  Extractor  
  14  1:53  Queen  
  16  1:55  Zergling x4  
  18  2:04  Zergling x2  
  18  2:08  Drone  
  20  2:12  Drone  
  21  2:23  Queen  
  21  2:24  Drone  
  21  2:27  Drone  
  25  2:43  Lair  
  25  2:47  Drone  
  26  2:52  Drone  
  27  3:18  Drone  
  28  3:21  Overlord  
  27  3:45  Overseer  
  27  3:55  Metabolic Boost  
  27  3:56  Hydralisk Den  
  27  4:00  Drone x5  
  31  4:04  Zergling x10  
  31  4:06  Overlord  
  36  4:31  Overseer  
  36  4:33  Drone x5  
  36  4:35  Extractor  
  36  4:37  Drone  
  41  4:39  Extractor  
  41  4:40  Drone x2  
  42  5:10  Hatchery  
  40  5:34  Evolution Chamber  
  39  5:39  Lurker Den  
  39  5:41  Spire  
  37  5:47  Drone x2  
  37  5:48  Drone x4  
  43  6:04  Overlord x3  
  43  6:05  Overlord  
  43  6:23  Drone x4  
  47  6:26  Zerg Ground Armor Level 1  
  44  7:20  Zergling x6  
  44  7:21  Zergling x8  
  50  7:24  Drone x2  
  50  7:25  Queen, Drone  
  53  7:35  Hydralisk x6  
  53  8:14  Hydralisk x6  
  50  8:46  Drone  
  50  8:47  Drone x7  
  53  9:08  Hatchery  
  52  9:10  Lurker x3  
  52  9:11  Lurker x2  
  57  9:18  Mutalisk x5  
  67  9:30  Overlord  
  67  9:40  Nydus Network, Queen  
  68  9:48  Overlord x2  
  68  10:00  Zerg Flyer Weapons Level 1  
  68  10:18  Drone x3  
  71  10:23  Drone  
  71  10:25  Queen  
  66  11:08  Drone x3  
  66  11:10  Lurker x4  
  66  11:11  Lurker  
  72  11:14  Hydralisk x6  
  84  11:21  Drone x3  
  84  11:22  Drone  
  88  11:51  Lurker x5  
  88  11:52  Lurker  
  94  12:05  Infestation Pit  
  94  12:06  Zergling x8  
  94  12:07  Zergling x2  
  98  12:08  Overlord x2  
  98  12:09  Overlord  
  98  12:29  Muscular Augments  
  98  12:38  Nydus Canal  
  98  13:05  Hydralisk x4  
  98  13:06  Hydralisk x2  
  98  13:08  Mutalisk x7  
  109  13:12  Nydus Canal  
  108  13:22  Overseer x2  
  69  14:09  Lurker x5  
  75  14:10  Lurker  
  75  15:08  Swarm Host x2  
  75  15:09  Swarm Host x7  
  102  15:19  Hive  
  102  15:34  Nydus Canal  
  102  15:37  Mutalisk  
  102  15:38  Hydralisk x3  
  61  16:16  Mutalisk x3  
  61  16:17  Mutalisk  
  37  17:05  Spine Crawler  
  37  17:06  Spine Crawler  
Tags
 
Add a new tag
Caveats
  • Supply blocks, unpowered buildings, or Contaminate may cause inaccurate times.
  • Supply counts are checked every 10 seconds.